cohdb
Replays
Latest Replays
All Replays
Popular Replays
Top Player Replays
Match Explorer
How It Works
Community
CoH3 Stats
Reddit
Sign in to upload your games and track your stats! →
Sign in with Steam
Match 43733946
Unlisted
Match 43733946
Overview
Messages
Build Orders
End
Construct Infanterie Kompanie
Kettenkrad Recon Vehicle
Pioneer Squad
Selects Mechanized Battlegroup
Selects Mechanized Battlegroup
MG 42 Machine Gun Team
Grenadier Squad
Construct Panzergrenadier Kompanie
251 Medium Carrier
Pak 40 Anti-tank Gun Team
Panzergrenadier Squad
Panzergrenadier Officer Quarters
Selects Spotting Scopes
Panzergrenadier Squad
Selects Wespe Self-propelled Artillery
Wespe Self-propelled Artillery
Construct Panzer Kompanie
Medical Bunker
Panzer IV Medium Tank
Selects Raid Package
Selects StuG Assault Group
MG 42 Bunker
Panzer IV Medium Tank
GreenTech
Uwe Berger
B1t
SkyCurv
0
0
Comments
sign in to comment!
No comments posted yet!